 Dungeon Crawl Stone Soup version 0.23.2 (webtiles) character file.

Game seed: 6400607464596170787

853 Gargoyl the Skirmisher (level 7, -5/60 HPs)
             Began as a Centaur Abyssal Knight on Apr 11, 2019.
             Was a Believer of Lugonu.
             Killed by divine providence
             ... invoked by an orc priest
              (12 damage)
             ... on level 5 of the Dungeon.
             The game lasted 00:07:09 (4679 turns).

Gargoyl the Skirmisher (Centaur Abyssal Knight)     Turns: 4679, Time: 00:07:10

Health: -5/60      AC: 10    Str: 15    XL:     7   Next: 70%
Magic:  10/10      EV:  5    Int: 11    God:    Lugonu [**....]
Gold:   213        SH:  4    Dex: 10    Spells: 6/6 levels left

rFire    . . .     SeeInvis .   a - +1 hand axe
rCold    + . .     Gourm    .   h - +0 buckler
rNeg     . . .     Faith    .   y - +0 chain mail
rPois    .         Spirit   .   (no helmet)
rElec    .         Reflect  .   (no cloak)
rCorr    .         Harm     .   (no gloves)
MR       .....                  (no barding)
Stlth    ..........             (no amulet)
HPRegen  0.20/turn              (no ring)
MPRegen  0.12/turn              (no ring)

@: very quick
A: large, hooves 3, icy blue scales 1, blurry vision 1, cold resistance 1,
deformed body, speed 2, tough skin 3
a: Depart the Abyss, Bend Space, Renounce Religion


You were on level 5 of the Dungeon.
You worshipped Lugonu.
Lugonu was pleased with you.
You were hungry.

You visited 1 branch of the dungeon, and saw 5 of its levels.
You visited the Abyss 1 time.

You collected 213 gold pieces.

Inventory:

Hand Weapons
 a - a +1 hand axe (weapon)
Missiles
 p - 2 steel tomahawks (quivered)
Armour
 e - the +3 leather armour of Bedevilment {Int+3}
   (You found it on level 2 of the Abyss)

   It affects your intelligence (+3).
 h - a +0 buckler (worn)
 y - a +0 chain mail (worn)
Wands
 g - a wand of iceblast (11)
Scrolls
 b - 3 scrolls of teleportation
 l - a scroll of fear {unknown}
 n - 2 scrolls of remove curse {unknown}
 o - a scroll of blinking {unknown}
 q - a scroll of enchant armour {unknown}
 r - 2 scrolls of random uselessness {unknown}
 t - a scroll of amnesia {unknown}
 u - a scroll of identify {unknown}
 v - a scroll of noise {unknown}
 x - a scroll of fog {unknown}
Potions
 d - a potion of brilliance
 f - a potion of might
 i - a potion of degeneration {unknown}
 j - a potion of agility
 k - a potion of cancellation
 m - 3 potions of curing
 s - a potion of experience {unknown}
 w - a potion of heal wounds {unknown}
Comestibles
 c - 8 rations


   Skills:
 + Level 4.6 Fighting
 + Level 4.1 Axes
 + Level 0.5 Throwing
 * Level 3.0 Armour
 + Level 2.0 Dodging
 * Level 2.1 Shields
 * Level 4.4 Invocations


You had 6 spell levels left.
You didn't know any spells.
Your spell library was empty.

Dungeon Overview and Level Annotations

Branches:
Dungeon (5/15)             Temple (0/1) D:4

Altars:
Fedhas
Nemelex Xobeh
Xom
Zin


Innate Abilities, Weirdness & Mutations

You have hooves in place of feet.
Armour fits poorly on your strangely shaped body.
You cover ground very quickly.
You have extremely tough skin. (AC +3)
You are partially covered in icy blue scales. (AC +2)
Scrolls take you a little longer to read.
Your flesh is cold resistant. (rC+)


Message History

Unknown command.
The orc wizard mumbles some strange words.
The orc wizard seems to speed up.
The orc priest invokes the aid of Beogh against you.
Pain shoots through your body!
* * * LOW HITPOINT WARNING * * *
The orc wizard looks satisfied for a moment.
The orc priest invokes the aid of Beogh against you.
Beogh smites you!
* * * LOW HITPOINT WARNING * * *
The orc priest calls upon Beogh to heal the orc wizard.
The orc wizard is healed somewhat.
The orc wizard gestures at you while chanting.
The magic dart hits you but does no damage.
The orc wizard gestures wildly while chanting.
The orc wizard flickers and vanishes!
Deactivating autopickup; reactivate with Ctrl-A.
The orc priest invokes the aid of Beogh against you.
Beogh smites you!
You die...

.. #....#...#
...##...#.#.####
........†.#.h#.#####
.........###o...##.###
.........###.)..#....#
.....#...o..........###
..........{.o.........# ##
....#...(...........####.#
... #..........@.........##
.. #.....................##
##...............†.....#
.........#..........#..#
........)...........#.####
.#....................#..##
#.......#...............
..##.####...........##
#............#


You could see a hound, 2 orc priests and an orc.

Vanquished Creatures
  Sigmund (D:4)
  The ghost of Goodini51 the Charmwright, an amateur GnSk (D:3)
  A sky beast (D:5)
  An ogre (D:4)
  A scorpion (D:5)
  A howler monkey (D:5)
  A hound (D:4)
  Jessica (D:3)
  Ijyb (D:4)
  A worker ant (D:4)
  A hound zombie (D:5)
  8 adders
  A shadow imp (D:4)
  2 oozes
  4 worms
  2 dart slugs
  A leopard gecko (D:4)
  2 orcs
  11 bats
  7 giant cockroaches
  4 hobgoblins
  5 jackals
  5 kobolds
  2 quokkas (D:2)
  2 ball pythons
  4 frilled lizards
  9 goblins
  5 rats
85 creatures vanquished.

Notes
Turn   | Place    | Note
-------+----------+-------------------------------------------
     0 | Abyss:1  | Gargoyl the Centaur Abyssal Knight began the quest for the
                  | Orb.
     0 | Abyss:1  | Reached XP level 1. HP: 19/19 MP: 2/2
    34 | Abyss:1  | Noticed a raiju
    59 | Abyss:2  | Got an ancient leather armour
    67 | Abyss:2  | Noticed a freezing wraith
    67 | Abyss:2  | Noticed an efreet
    70 | Abyss:2  | Identified the +3 leather armour of Bedevilment {Int+3}
                  | (You found it on level 2 of the Abyss)
    88 | D:1      | Escaped the Abyss
   208 | D:1      | Reached XP level 2. HP: 24/26 MP: 3/3
   370 | D:1      | Reached * piety under Lugonu
   669 | D:2      | Reached XP level 3. HP: 20/31 MP: 4/4
   917 | D:2      | Found a blossoming altar of Fedhas.
   985 | D:2      | Reached XP level 4. HP: 15/40 MP: 5/5
  1260 | D:2      | Reached skill level 1 in Shields
  1895 | D:3      | Reached ** piety under Lugonu
  1901 | D:3      | Reached skill level 1 in Dodging
  1929 | D:3      | Found a runed translucent door.
  1948 | D:3      | Noticed Goodini51's ghost (amateur GnSk)
  2228 | D:3      | Gained mutation: Scrolls take you a little longer to read.
                  | [potion of mutation]
  2228 | D:3      | Gained mutation: You are partially covered in icy blue
                  | scales. (AC +2) [potion of mutation]
  2228 | D:3      | Gained mutation: Your flesh is cold resistant. (rC+)
                  | [potion of mutation]
  2247 | D:3      | Killed Goodini51's ghost
  2247 | D:3      | Reached XP level 5. HP: 16/46 MP: 5/7
  2322 | D:3      | Reached XP level 6. HP: 16/52 MP: 8/8
  2615 | D:3      | Noticed Jessica
  2632 | D:3      | Killed Jessica
  2803 | D:4      | Noticed Sigmund
  2822 | D:4      | Killed Sigmund
  3093 | D:4      | Found a shimmering altar of Xom.
  3142 | D:4      | Reached XP level 7. HP: 40/59 MP: 9/9
  3274 | D:4      | Noticed Ijyb
  3307 | D:4      | Killed Ijyb
  3497 | D:4      | Found a glowing silver altar of Zin.
  3497 | D:4      | Found a sparkling altar of Nemelex Xobeh.
  4144 | D:4      | Found a staircase to the Ecumenical Temple.
  4268 | D:5      | Entered Level 5 of the Dungeon
  4679 | D:5      | Killed from afar by an orc priest

Skill      XL: |  1  2  3  4  5  6  7 |
---------------+----------------------+-----
Axes           | 2 3 4 |  4.1
Shields        | 1 2 |  2.1
Dodging        | 1 2 |  2.0
Armour         | 2 3 |  3.0
Invocations    | 3 4 |  4.4
Fighting       | 4 |  4.6
Throwing       | |  0.5

Action                   |  1- 3 |  4- 6 |  7- 9 || total
-------------------------+-------+-------+-------++-------
Melee: Hand axe          |    82 |   142 |   116 ||   340
       Kick              |    11 |    26 |    22 ||    59
Throw: Tomahawk          |       |     2 |       ||     2
Invok: Depart the Abyss  |     1 |       |       ||     1
       Bend Space        |       |     1 |       ||     1
  Use: Scroll            |     1 |       |       ||     1
       Potion            |       |    10 |       ||    10
  Eat: Chunk             |       |     4 |     2 ||     6
       Ration            |       |       |     1 ||     1
Armor: Leather armour    |    61 |    56 |    41 ||   158
       Chain mail        |       |       |    34 ||    34
Dodge: Dodged            |    50 |    53 |    51 ||   154
Block: Buckler           |    10 |    26 |    13 ||    49
